MLB
BALTIMORE ORIOLES @ TEXAS RANGERS
08/06/2045
 
TOP OF THE 1ST
Baltimore Orioles batting - Pitching for Texas Rangers : RHP Matt Sigurdson
Pitching: RHP Matt Sigurdson
Batting: RHB Rudo Garciaparra 0-0: Ball
1-0: Called Strike
1-1: Foul Ball, location: 2F
1-2: Strikes out looking
Batting: RHB Andres Leon 0-0: Ball
1-0: Called Strike
1-1: Ball
2-1: Ball
3-1: Called Strike
3-2: Foul Ball, location: 2F
3-2: Foul Ball, location: 2F
3-2: Strikes out swinging
Batting: RHB Saimei Kudo 0-0: Ball
1-0: Ball
2-0: Foul Ball, location: 2F
2-1: Swinging Strike
2-2: SINGLE (Groundball, 56D, EV 103.1 MPH)
Batting: LHB Brad Pepin 0-0: Ball
1-0: Called Strike
Saimei Kudo steals 2nd base
1-1: Ball
2-1: Ball
3-1: Fly out, F7 (Flyball, 7LM, EV 90.6 MPH)
Top of the 1st over - 0 runs, 1 hit, 0 errors, 1 left on base; Baltimore 0 - Texas 0
BOTTOM OF THE 1ST
Texas Rangers batting - Pitching for Baltimore Orioles : RHP Paul Schwartz
Pitching: RHP Paul Schwartz
Batting: SHB Jun Tsuda 0-0: Swinging Strike
0-1: Called Strike
0-2: Ball
1-2: Foul Ball, location: 2F
1-2: SINGLE (Groundball, 25, EV 68.8 MPH) (infield hit)
Batting: RHB David Casas 0-0: Called Strike
0-1: Ball
1-1: Grounds into double play, 4-6-3 (Groundball, 4, EV 102.5 MPH)
Batting: SHB John Giesbrecht 0-0: Called Strike
0-1: Foul Ball, location: 2F
0-2: Foul Ball, location: 2F
0-2: Ball
1-2: Ground out 6-3 (Groundball, 6, EV 83.1 MPH)
Bottom of the 1st over - 0 runs, 1 hit, 0 errors, 0 left on base; Baltimore 0 - Texas 0
TOP OF THE 2ND
Baltimore Orioles batting - Pitching for Texas Rangers : RHP Matt Sigurdson
Batting: LHB Gabe Pace 0-0: Ball
1-0: Called Strike
1-1: Ball
2-1: SINGLE (Groundball, 4S, EV 71.2 MPH) (infield hit)
Batting: LHB Bob Melley 0-0: Ball
Gabe Pace steals 2nd base
1-0: Ball
2-0: Ball
3-0: Called Strike
3-1: Called Strike
3-2: 2-RUN HOME RUN (Line Drive, 89XD, EV 107.5 MPH), Distance : 432 ft
Batting: RHB Mike Hayward 0-0: Ball
1-0: Ball
2-0: Reached on error, E6 (Groundball, 6, EV 83.1 MPH)
Batting: RHB Ruben Garza 0-0: Ball
1-0: Foul Ball, location: 2F
1-1: Foul Ball, location: 2F
1-2: Foul Ball, location: 2F
1-2: Ball
2-2: Ball
3-2: Foul Ball, location: 2F
3-2: Base on Balls
Mike Hayward to second
Batting: RHB Darwin Mills 0-0: Grounds into double play, 5-4-3 (Groundball, 5, EV 96.2 MPH)
Mike Hayward to third
Batting: RHB Rudo Garciaparra 0-0: Called Strike
0-1: Ball
1-1: Called Strike
1-2: Ball
2-2: Strikes out swinging
Top of the 2nd over - 2 runs, 2 hits, 1 error, 1 left on base; Baltimore 2 - Texas 0
BOTTOM OF THE 2ND
Texas Rangers batting - Pitching for Baltimore Orioles : RHP Paul Schwartz
Batting: SHB Moe Lester 0-0: Called Strike
0-1: Ball
1-1: Foul Ball, location: 2F
1-2: Strikes out looking
Batting: LHB Xavier Pittman 0-0: DOUBLE (Flyball, 89D, EV 109.4 MPH)
Batting: SHB Vince Ealy 0-0: Foul Ball, location: 2F
0-1: Swinging Strike
0-2: Strikes out looking
Batting: LHB Tommy Luce 0-0: Foul Ball, location: 2F
0-1: Ball
1-1: Fly out, F5 (Popup, P, EV 76.2 MPH)
Bottom of the 2nd over - 0 runs, 1 hit, 0 errors, 1 left on base; Baltimore 2 - Texas 0
TOP OF THE 3RD
Baltimore Orioles batting - Pitching for Texas Rangers : RHP Matt Sigurdson
Batting: RHB Andres Leon 0-0: Ball
1-0: Ball
2-0: DOUBLE (Line Drive, 89D, EV 108.8 MPH)
Batting: RHB Saimei Kudo 0-0: Ball
1-0: Foul Ball, location: 2F
1-1: Called Strike
1-2: Ball
2-2: Ball
3-2: Fly out, F8 (Flyball, 8RM, EV 81.9 MPH)
Batting: LHB Brad Pepin 0-0: Called Strike
Andres Leon steals 3rd base
0-1: Foul Ball, location: 2F
0-2: Ball
1-2: Strikes out swinging
Batting: LHB Gabe Pace 0-0: Ball
1-0: 2-RUN HOME RUN (Flyball, 9D, EV 96.2 MPH), Distance : 362 ft
Batting: LHB Bob Melley 0-0: Ball
1-0: Ball
2-0: Foul Ball, location: 2F
2-1: Ball
3-1: DOUBLE (Flyball, 89XD, EV 105.0 MPH)
Batting: RHB Mike Hayward 0-0: Called Strike
0-1: Ball
1-1: Ball
2-1: Called Strike
Bob Melley steals 3rd base
2-2: Ground out 6-3 (Groundball, 6, EV 83.8 MPH)
Top of the 3rd over - 2 runs, 3 hits, 0 errors, 1 left on base; Baltimore 4 - Texas 0
BOTTOM OF THE 3RD
Texas Rangers batting - Pitching for Baltimore Orioles : RHP Paul Schwartz
Batting: LHB Johan de Vries 0-0: Ball
1-0: Ball
2-0: Ball
3-0: Foul Ball, location: 2F
3-1: SOLO HOME RUN (Flyball, 89XD, EV 112.5 MPH), Distance : 414 ft
Batting: RHB Zhao-ji Chi 0-0: Foul Ball, location: 2F
0-1: Fly out, F8 (Flyball, 89XD, EV 101.2 MPH)
Batting: SHB Jun Tsuda 0-0: SOLO HOME RUN (Flyball, 89XD, EV 100.0 MPH), Distance : 390 ft
Batting: RHB David Casas 0-0: Ball
1-0: Ball
2-0: Called Strike
2-1: SOLO HOME RUN (Flyball, 7D, EV 102.5 MPH), Distance : 377 ft
Batting: SHB John Giesbrecht 0-0: Ball
1-0: Ball
2-0: Ball
3-0: Base on Balls
Batting: SHB Moe Lester 0-0: Called Strike
0-1: Ball
1-1: DOUBLE (Line Drive, 89D, EV 99.4 MPH)
John Giesbrecht to third
Batting: LHB Xavier Pittman 0-0: Called Strike
0-1: Foul Ball, location: 2F
0-2: Ball
1-2: Ground out 6-3 (Groundball, 56, EV 88.8 MPH)
John Giesbrecht scores
Batting: SHB Vince Ealy 0-0: Called Strike
0-1: Called Strike
0-2: Ball
1-2: Foul Ball, location: 2F
1-2: Fly out, F7 (Flyball, 78D, EV 86.9 MPH)
Bottom of the 3rd over - 4 runs, 4 hits, 0 errors, 1 left on base; Baltimore 4 - Texas 4
TOP OF THE 4TH
Baltimore Orioles batting - Pitching for Texas Rangers : RHP Matt Sigurdson
Batting: RHB Ruben Garza 0-0: Called Strike
0-1: Ball
1-1: Ball
2-1: Foul Ball, location: 2F
2-2: Foul Ball, location: 2F
2-2: Foul Ball, location: 2F
2-2: Foul Ball, location: 2F
2-2: Foul Ball, location: 2F
2-2: Strikes out swinging
Batting: RHB Darwin Mills 0-0: Called Strike
0-1: SOLO HOME RUN (Flyball, 89XD, EV 103.1 MPH), Distance : 403 ft
Pitching: RHP Hector Aguado
Batting: RHB Rudo Garciaparra 0-0: Called Strike
0-1: Ball
1-1: Fly out, F7 (Flyball, 7S, EV 96.9 MPH)
Batting: RHB Andres Leon 0-0: Called Strike
0-1: Hit by Pitch
Batting: RHB Saimei Kudo 0-0: Fielders Choice at 2nd, 6-4 (Groundball, 56, EV 86.9 MPH)
Top of the 4th over - 1 run, 1 hit, 0 errors, 1 left on base; Baltimore 5 - Texas 4
BOTTOM OF THE 4TH
Texas Rangers batting - Pitching for Baltimore Orioles : RHP Paul Schwartz
Batting: LHB Tommy Luce 0-0: Called Strike
0-1: Swinging Strike
0-2: Ground out U3 (Groundball, 3, EV 90.0 MPH)
Batting: LHB Johan de Vries 0-0: Ball
1-0: Ball
2-0: Ball
3-0: Called Strike
3-1: Foul Ball, location: 2F
3-2: Ground out 3-1 (Groundball, 34S, EV 91.2 MPH)
Batting: RHB Zhao-ji Chi 0-0: Ground out 4-3 (Groundball, 4, EV 89.4 MPH)
Bottom of the 4th over - 0 runs, 0 hits, 0 errors, 0 left on base; Baltimore 5 - Texas 4
TOP OF THE 5TH
Baltimore Orioles batting - Pitching for Texas Rangers : RHP Hector Aguado
Batting: LHB Brad Pepin 0-0: Ball
1-0: Swinging Strike
1-1: Ball
2-1: Ball
3-1: Base on Balls
Batting: LHB Gabe Pace 0-0: Called Strike
0-1: Ball
1-1: Ball
2-1: 2-RUN HOME RUN (Flyball, 9D, EV 98.1 MPH), Distance : 361 ft
Batting: LHB Bob Melley 0-0: Called Strike
0-1: SINGLE (Groundball, 4D, EV 97.5 MPH)
Batting: RHB Mike Hayward 0-0: Ball
1-0: Swinging Strike
1-1: Called Strike
1-2: Fielders Choice at 2nd, 3-6 (Groundball, 34, EV 95.6 MPH)
Batting: RHB Ruben Garza 0-0: Called Strike
0-1: Ball
1-1: Swinging Strike
1-2: Strikes out swinging
Batting: RHB Darwin Mills 0-0: Ball
1-0: Called Strike
1-1: Fly out, F9 (Flyball, 89D, EV 86.2 MPH)
Top of the 5th over - 2 runs, 2 hits, 0 errors, 1 left on base; Baltimore 7 - Texas 4
BOTTOM OF THE 5TH
Texas Rangers batting - Pitching for Baltimore Orioles : RHP Paul Schwartz
Batting: SHB Jun Tsuda 0-0: Ball
1-0: Foul Ball, location: 2F
1-1: SOLO HOME RUN (Flyball, 89XD, EV 103.1 MPH), Distance : 399 ft
Pitching: RHP Joon-ho Rhee
Batting: RHB David Casas 0-0: Ground out 3-1 (Groundball, 34, EV 86.2 MPH)
Batting: SHB John Giesbrecht 0-0: Ball
1-0: Called Strike
1-1: Ball
2-1: SOLO HOME RUN (Flyball, 7D, EV 99.4 MPH), Distance : 374 ft
Batting: SHB Moe Lester 0-0: Ball
1-0: Fly out, F8 (Flyball, 8LD, EV 92.5 MPH)
Batting: LHB Xavier Pittman 0-0: Ball
1-0: Ball
2-0: Fly out, F9 (Flyball, 9, EV 94.4 MPH)
Bottom of the 5th over - 2 runs, 2 hits, 0 errors, 0 left on base; Baltimore 7 - Texas 6
TOP OF THE 6TH
Baltimore Orioles batting - Pitching for Texas Rangers : RHP Hector Aguado
Batting: RHB Rudo Garciaparra 0-0: Ball
1-0: Ball
2-0: Ground out 5-3 (Groundball, 56S, EV 73.8 MPH)
Batting: RHB Andres Leon 0-0: Foul Ball, location: 2F
0-1: Ball
1-1: Foul Ball, location: 2F
1-2: Ball
2-2: Ball
3-2: Base on Balls
Batting: RHB Saimei Kudo 0-0: Ball
1-0: Fly out, F9 (Flyball, 9LD, EV 86.2 MPH)
Runner from 1st tags up, SAFE at 2nd
Batting: LHB Brad Pepin 0-0: Foul Ball, location: 2F
0-1: Fly out, F5 (Popup, 25F, EV 91.2 MPH)
Top of the 6th over - 0 runs, 0 hits, 0 errors, 1 left on base; Baltimore 7 - Texas 6
BOTTOM OF THE 6TH
Texas Rangers batting - Pitching for Baltimore Orioles : RHP Joon-ho Rhee
Batting: SHB Vince Ealy 0-0: Ball
1-0: Ground out 6-3 (Groundball, 6MS, EV 85.6 MPH)
Batting: LHB Tommy Luce 0-0: Ball
1-0: Ground out 4-3 (Groundball, 4, EV 107.5 MPH)
Batting: LHB Johan de Vries 0-0: Ball
1-0: Called Strike
1-1: DOUBLE (Line Drive, 89D, EV 107.5 MPH)
Batting: RHB Zhao-ji Chi 0-0: Ball
1-0: Foul Ball, location: 2F
1-1: Ball
2-1: Ball
3-1: Called Strike
3-2: Strikes out swinging
Bottom of the 6th over - 0 runs, 1 hit, 0 errors, 1 left on base; Baltimore 7 - Texas 6
TOP OF THE 7TH
Baltimore Orioles batting - Pitching for Texas Rangers : RHP Hector Aguado
Pitching: LHP Wayne Perry
Batting: LHB Gabe Pace 0-0: Called Strike
0-1: Called Strike
0-2: Ball
1-2: Strikes out looking
Batting: LHB Bob Melley 0-0: Called Strike
0-1: Ball
1-1: SINGLE (Line Drive, 34, EV 104.4 MPH)
Batting: RHB Mike Hayward 0-0: Called Strike
0-1: Foul Ball, location: 2F
0-2: Foul Ball, location: 2F
0-2: Strikes out swinging
Batting: RHB Ruben Garza 0-0: Ball
1-0: Ball
2-0: Foul Ball, location: 2F
2-1: Foul Ball, location: 2F
2-2: Strikes out looking
Top of the 7th over - 0 runs, 1 hit, 0 errors, 1 left on base; Baltimore 7 - Texas 6
BOTTOM OF THE 7TH
Texas Rangers batting - Pitching for Baltimore Orioles : RHP Joon-ho Rhee
Pitching: RHP David Silva
Batting: SHB Jun Tsuda 0-0: Ball
1-0: Foul Ball, location: 2F
1-1: Ball
2-1: Swinging Strike
2-2: Ball
3-2: Strikes out swinging
Batting: RHB David Casas 0-0: Ball
1-0: Foul Ball, location: 2F
1-1: Ball
2-1: Ball
3-1: Foul Ball, location: 2F
3-2: Fly out, F7 (Flyball, 7, EV 88.1 MPH)
Batting: SHB John Giesbrecht 0-0: Ball
1-0: Ground out 6-3 (Groundball, 56, EV 81.2 MPH)
Bottom of the 7th over - 0 runs, 0 hits, 0 errors, 0 left on base; Baltimore 7 - Texas 6
TOP OF THE 8TH
Baltimore Orioles batting - Pitching for Texas Rangers : LHP Wayne Perry
Batting: RHB Darwin Mills 0-0: Called Strike
0-1: Swinging Strike
0-2: Strikes out swinging
Batting: RHB Rudo Garciaparra 0-0: Ball
1-0: Ground out 5-3 (Groundball, 56, EV 104.4 MPH)
Batting: RHB Andres Leon 0-0: Called Strike
0-1: Ball
1-1: Foul Ball, location: 2F
1-2: Foul Ball, location: 2F
1-2: Strikes out swinging
Top of the 8th over - 0 runs, 0 hits, 0 errors, 0 left on base; Baltimore 7 - Texas 6
BOTTOM OF THE 8TH
Texas Rangers batting - Pitching for Baltimore Orioles : RHP David Silva
Pitching: RHP Jay Rapini
Batting: SHB Moe Lester 0-0: Ball
1-0: Swinging Strike
1-1: Foul Ball, location: 2F
1-2: Strikes out swinging
Batting: LHB Xavier Pittman 0-0: Ball
1-0: Swinging Strike
1-1: Ground out 1-3 (Groundball, 13, EV 70.6 MPH)
Batting: SHB Vince Ealy 0-0: Ball
1-0: Called Strike
1-1: Ground out 6-3 (Groundball, 6, EV 98.8 MPH)
Bottom of the 8th over - 0 runs, 0 hits, 0 errors, 0 left on base; Baltimore 7 - Texas 6
TOP OF THE 9TH
Baltimore Orioles batting - Pitching for Texas Rangers : LHP Wayne Perry
Batting: RHB Saimei Kudo 0-0: SINGLE (Flyball, 56D, EV 85.6 MPH)
Batting: LHB Brad Pepin 0-0: Ball
1-0: Called Strike
1-1: Ball
2-1: Foul Ball, location: 2F
2-2: Foul Ball, location: 2F
2-2: Fly out, F6 (Flyball, 56D, EV 78.1 MPH)
Batting: LHB Gabe Pace 0-0: Called Strike
0-1: Swinging Strike
0-2: Ball
1-2: Foul Ball, location: 2F
1-2: Ball
2-2: Strikes out swinging
Batting: LHB Bob Melley 0-0: Ball
1-0: Ball
2-0: Ball
3-0: Called Strike
3-1: Base on Balls
Saimei Kudo to second
Batting: RHB Mike Hayward 0-0: Called Strike
0-1: Swinging Strike
0-2: Ball
1-2: Ball
2-2: Strikes out swinging
Top of the 9th over - 0 runs, 1 hit, 0 errors, 2 left on base; Baltimore 7 - Texas 6
BOTTOM OF THE 9TH
Texas Rangers batting - Pitching for Baltimore Orioles : RHP Jay Rapini
Pitching: RHP Errol Dondale
Batting: LHB Tommy Luce 0-0: Ball
1-0: Ball
2-0: Foul Ball, location: 2F
2-1: Ball
3-1: Base on Balls
Batting: LHB Johan de Vries 0-0: Ball
1-0: Ball
2-0: Called Strike
2-1: Sac Bunt to 5S - play at first, batter OUT! 5-4
Tommy Luce to second
Batting: RHB Zhao-ji Chi 0-0: Ball
1-0: Called Strike
1-1: Ball
2-1: Foul Ball, location: 2F
2-2: Ball
3-2: Base on Balls
Batting: SHB Jun Tsuda 0-0: Sac Bunt to 2L - play at first, batter OUT! 2-4
Tommy Luce to third
Zhao-ji Chi to second
Batting: RHB David Casas 0-0: Called Strike
0-1: SINGLE (Groundball, 6S, EV 63.1 MPH) (infield hit)
Tommy Luce scores
Zhao-ji Chi to third
Batting: SHB John Giesbrecht 0-0: Ground out 4-3 (Groundball, 34, EV 96.2 MPH)
Bottom of the 9th over - 1 run, 1 hit, 0 errors, 2 left on base; Baltimore 7 - Texas 7
TOP OF THE 10TH
Baltimore Orioles batting - Pitching for Texas Rangers : LHP Wayne Perry
Pitching: RHP Brad Kramer
Batting: SHB Jason Hayes 0-0: Ball
1-0: Foul Ball, location: 2F
1-1: Ground out 5-3 (Groundball, 56S, EV 65.0 MPH)
Pinch Hitting: SHB Robert Handy 0-0: Called Strike
0-1: Ball
1-1: Ball
2-1: Ball
3-1: Foul Ball, location: 2F
3-2: DOUBLE (Line Drive, 78D, EV 105.0 MPH)
Batting: RHB Rudo Garciaparra 0-0: Intentional Walk
Pinch Runner at 2nd Orlando Melchor:
Batting: RHB Andres Leon 0-0: Ball
1-0: Ball
2-0: Swinging Strike
2-1: Fly out, F8 (Flyball, 8RD, EV 88.1 MPH)
Batting: RHB Saimei Kudo 0-0: Swinging Strike
0-1: Called Strike
0-2: Strikes out swinging
Top of the 10th over - 0 runs, 1 hit, 0 errors, 2 left on base; Baltimore 7 - Texas 7
BOTTOM OF THE 10TH
Texas Rangers batting - Pitching for Baltimore Orioles : RHP Errol Dondale
Pitching: RHP Chris Dauphin
Now at C: Orlando Melchor
Batting: SHB Moe Lester 0-0: Swinging Strike
0-1: Foul Ball, location: 2F
0-2: Ball
1-2: Foul Ball, location: 2F
1-2: Foul Ball, location: 2F
1-2: Ball
2-2: Foul Ball, location: 2F
2-2: Fly out, F7 (Flyball, 78S, EV 93.1 MPH)
Batting: LHB Xavier Pittman 0-0: Ball
1-0: Ball
2-0: Ball
3-0: Called Strike
3-1: Swinging Strike
3-2: Foul Ball, location: 2F
3-2: SINGLE (Groundball, 34S, EV 65.6 MPH) (infield hit)
Batting: SHB Vince Ealy 0-0: Hit by Pitch
Xavier Pittman to second
Batting: LHB Tommy Luce 0-0: Called Strike
Xavier Pittman steals 3rd base
Vince Ealy to second
0-1: Ball
1-1: Ball
2-1: Fielders Choice at home, 1-2 (Groundball, 13S, EV 63.8 MPH)
Vince Ealy to third
Batting: LHB Johan de Vries 0-0: Ball
1-0: Ball
2-0: Ball
3-0: Called Strike
3-1: Fly out, F4 (Flyball, 34D, EV 86.2 MPH)
Bottom of the 10th over - 0 runs, 1 hit, 0 errors, 2 left on base; Baltimore 7 - Texas 7
TOP OF THE 11TH
Baltimore Orioles batting - Pitching for Texas Rangers : RHP Brad Kramer
Batting: LHB Brad Pepin 0-0: Ball
1-0: Swinging Strike
1-1: Foul Ball, location: 2F
1-2: Ball
2-2: Ball
3-2: Fly out, F5 (Popup, 5F, EV 66.2 MPH)
Batting: LHB Gabe Pace 0-0: Ball
1-0: Foul Ball, location: 2F
1-1: Ball
2-1: Called Strike
2-2: Ball
3-2: Foul Ball, location: 2F
3-2: Base on Balls
Pitching: RHP Manny Solis
Batting: LHB Bob Melley 0-0: Called Strike
0-1: Ball
1-1: DOUBLE (Flyball, 78D, EV 101.9 MPH)
Gabe Pace to third
Runner from 3rd tries for Home, SAFE, throw by CF to home
Batting: RHB Mike Hayward 0-0: Ball
1-0: Ball
2-0: Ground out 6-3 (Groundball, 6, EV 100.6 MPH)
Batting: SHB Jason Hayes 0-0: Ball
1-0: Swinging Strike
1-1: Ball
2-1: Ball
3-1: Base on Balls
Batting: RHB Orlando Melchor 0-0: Ball
1-0: Ball
2-0: Called Strike
2-1: Ball
3-1: Swinging Strike
3-2: Strikes out swinging
Top of the 11th over - 1 run, 1 hit, 0 errors, 2 left on base; Baltimore 8 - Texas 7
BOTTOM OF THE 11TH
Texas Rangers batting - Pitching for Baltimore Orioles : RHP Chris Dauphin
Batting: RHB Zhao-ji Chi 0-0: Ground out 4-3 (Groundball, 4, EV 103.8 MPH)
Pitching: RHP Freddie Trainor
Batting: SHB Jun Tsuda 0-0: Swinging Strike
0-1: Ball
1-1: Ball
2-1: Ball
3-1: Foul Ball, location: 2F
3-2: Foul Ball, location: 2F
3-2: Base on Balls
Batting: RHB David Casas 0-0: Ball
1-0: Ball
2-0: 2-RUN HOME RUN (Flyball, 7LD, EV 95.6 MPH), Distance : 374 ft
Bottom of the 11th over - 2 runs, 1 hit, 0 errors, 0 left on base; Baltimore 8 - Texas 9
Game Over ... Texas defeats Baltimore, 9 to 8
Wednesday, June 22nd , 2022 - OOTP Baseball 23.4 Build 64